 Dungeon Crawl Stone Soup version 0.19.3-1-g3169bf9 (webtiles) character file.

49499 Dolanko the Carver (level 14, -7/104 HPs)
             Began as a Demonspawn Gladiator on Jan 26, 2017.
             Was a High Priest of Hepliaklqana.
             Mangled by Donald
             ... wielding a +5 eveningstar of distortion
              (37 damage)
             ... on level 2 of the Orcish Mines.
             The game lasted 00:44:03 (22311 turns).

Dolanko the Carver (Demonspawn Gladiator)          Turns: 22311, Time: 00:44:03

Health: -7/104     AC: 23    Str: 21    XL:     14   Next: 16%
Magic:  0/19       EV: 10    Int: 11    God:    Hepliaklqana [*****.]
Gold:   1995       SH:  9    Dex: 14    Spells: 0 memorised, 13 levels left

rFire  + . .     SeeInvis .     i - +14 plutonium sword {*Contam Stlth-}
rCold  . . .     Gourm    .     T - +0 plate armour {rF+}
rNeg   . . .     Faith    .     (shield currently unavailable)
rPois  +         Spirit   +     k - +0 hat {Spirit}
rElec  .         Reflect  +     H - +2 cloak
rCorr  .         Harm     .     e - +1 pair of gloves
MR     +....     Clarity  +     u - +0 pair of boots
Stlth  ..........               U - +5 amulet of reflection
                                R - +2 ring of evasion
                                E - ring of poison resistance

@: about to teleport
A: reduced essence, antennae 1, talons 2, large bone plates 1, clarity, clever
1, demonic guardian 1, magic shield
a: Recall Ancestor, Ancestor Identity, Transference, Idealise, Renounce Religion


You were on level 2 of the Orcish Mines.
You worshipped Hepliaklqana.
Hepliaklqana was extremely pleased with you.
You were hungry.

You visited 3 branches of the dungeon, and saw 20 of its levels.

You collected 2463 gold pieces.
You spent 468 gold pieces at shops.

Inventory:

Hand Weapons
 i - the +14 plutonium sword (weapon) {*Contam Stlth-}
   (You acquired it on level 11 of the Dungeon)

   It causes magical contamination when unequipped.
   It makes you less stealthy.
 z - a +1 scimitar of flaming
Missiles
 d - a throwing net
 s - 8 javelins (quivered)
Armour
 e - a +1 pair of gloves (worn)
 k - a +0 hat of spirit shield (worn)
 u - a +0 pair of boots (worn)
 H - a +2 cloak (worn)
 T - a +0 plate armour of fire resistance (worn)
Jewellery
 h - an uncursed ring of see invisible
 o - an uncursed ring of protection from cold
 y - an uncursed ring of flight
 C - an uncursed amulet of regeneration
 E - a ring of poison resistance (left hand)
 R - a +2 ring of evasion (right hand)
 U - a +5 amulet of reflection (around neck)
Wands
 a - a wand of flame (19/48)
 b - a wand of disintegration (14/24)
 j - a wand of heal wounds (0/9)
 K - a wand of paralysis (6/24)
 N - a wand of enslavement (15/24)
 Q - a wand of confusion (22/48)
 V - a wand of acid (11/15)
 W - a wand of flame (29/48)
 Z - a wand of lightning (8/15)
Scrolls
 m - 6 scrolls of teleportation
 n - 4 scrolls of recharging
 p - 2 scrolls of fear
 t - 4 scrolls of immolation
 F - a scroll of remove curse
 L - 4 scrolls of magic mapping
 P - a scroll of enchant weapon
Potions
 r - a potion of magic
 w - 2 potions of lignification
 A - a potion of cure mutation
 B - a potion of berserk rage
 D - a potion of flight
 I - 2 potions of brilliance
 S - 10 potions of curing
Comestibles
 c - 3 chunks of flesh
 f - 6 bread rations
 g - 11 meat rations
 q - 6 beef jerkies
 v - 3 slices of pizza
 J - 3 royal jellies


   Skills:
 + Level 12.3 Fighting
 * Level 14.5 Long Blades
 - Level 1.7 Throwing
 * Level 12.4 Armour
 - Level 2.6 Dodging
 - Level 6.7 Invocations


You had 13 spell levels left.
You didn't know any spells.

Dungeon Overview and Level Annotations

Branches:
Dungeon (12/15)            Temple (0/1) D:6            Lair (6/6) D:9
 Shoals (0/4) Lair:3       Spider (0/4) Lair:3        Slime (0/5) Lair:6
    Orc (2/2) D:12            Elf (0/3) Orc:2

Altars:
Dithmenos
Fedhas
Gozag
Hepliaklqana
Makhleb
Nemelex Xobeh
Sif Muna
Trog
Yredelemnul
Beogh
Jiyva
Lugonu

Shops:
D:7 !   Orc:2 !}

Portals:
Hell: Lair:6

Annotations:
Lair:6 1 runed door
Orc:2 Donald


Innate Abilities, Weirdness & Mutations

You have razor-sharp toenails.
You are partially covered in large bone plates. (SH +4)
A weak demonic guardian rushes to your aid.
When hurt, damage is shared between your health and your magic reserves.
Your life essence is reduced. (-10% HP)
You have a pair of small antennae on your head.
You possess an exceptional clarity of mind.
Your mind is acute. (Int +2)


Message History

You slash Donald!
Donald is heavily wounded.
Donald says, "I hate you, too." Donald hits you but does no damage.
You feel strangely unstable. Donald blocks your white imp's attack.
Donald blocks your iron imp's attack.
Donald blocks Tlaloc's attack.
Your white imp hits Donald but does no damage.
An ogre comes into view. It is wielding a giant club.
You slash Donald!
Donald is severely wounded.
You block Donald's attack.
Donald hits you with an eveningstar of distortion!!
Space bends around you.
* * * LOW HITPOINT WARNING * * *
Your iron imp barely misses Donald.
Tlaloc hits Donald with a flail.
Donald blocks your white imp's attack.
You hit Donald.
Donald is severely wounded.
Donald hits you with an eveningstar of distortion!!!
You die... ..# #.......∩............## ##.. #................#..## ... #.####...##..........## #oo

#..##.#...............#
##((###..#.........)[[)....## .
#@{)o##.##.........)<......## #
{{#.#####.........)[#......# #
{##@# ##................## # {{
##(R# #..@..#..#........# #
###.5## ##5@5....#........#
####..(## ##.R.............#
.....### ##....#...........##
###### ###..........#.......#
############..O..#..............#
................###.#...#.......#
....................#...).......#
........)......................##


You could see the friendly Tlaloc the knight, Donald, an ogre, a friendly iron
imp and a friendly white imp.

Vanquished Creatures
  An orc warlord (Orc:1)
  Azrael (Orc:2)
  A dire elephant (Lair:6)
  Erolcha (D:9)
  3 hydras
  4 death yaks (Lair:4)
  A tengu warrior (D:11)
  A sun demon (Lair:6)
  A sixfirhy (Lair:6)
  2 hill giants
  A wizard (Lair:6)
  3 orc sorcerers (Orc:2)
  A cyclops (D:11)
  2 manticores
  3 elephants (Lair:5)
  A black mamba (Lair:2)
  Psyche (D:11)
  5 orange demons (Lair:6)
  9 spiny frogs
  A smoke demon (Lair:6)
  A torpor snail (Lair:5)
  3 rime drakes (Lair:6)
  7 komodo dragons
  An efreet (D:9)
  An ice devil (Lair:6)
  A red devil (Lair:6)
  A polar bear (Lair:5)
  3 trolls
  A hornet (Lair:3)
  A two-headed ogre (Orc:1)
  6 dream sheep
  3 blink frogs (Lair:6)
  A merfolk (Orc:1)
  5 hippogriffs
  A spriggan (D:7)
  A wraith (D:10)
  2 wyverns
  3 fire elementals (Orc:2)
  A vampire (D:11)
  18 yaks
  A human (Orc:2)
  2 steam dragons
  A warg (Orc:2)
  4 hell hounds
  12 orc warriors
  6 porcupines
  9 water moccasins
  2 ice beasts
  3 eyes of draining
  2 necrophages
  12 ogres
  2 wolves (Lair:1)
  3 centaurs (Lair:3)
  10 crocodiles
  5 bullfrogs
  A gnoll sergeant (D:11)
  2 wyvern zombies
  3 scorpions
  3 killer bees (D:10)
  3 wights
  An electric eel (Lair:2)
  4 howler monkeys
  A crimson imp (D:7)
  2 bullfrog skeletons
  6 hounds
  9 orc priests
  2 centaur skeletons
  A jelly (D:6)
  10 orc wizards
  3 iguanas
  10 worker ants
  A hound zombie (D:10)
  A hound skeleton (D:5)
  8 gnolls
  10 adders
  A shadow imp (D:6)
  3 oozes
  An adder zombie (D:7)
  2 adder skeletons
  2 worms (D:2)
  3 dart slugs
  3 leopard geckos
  39 orcs
  4 giant cockroaches
  8 goblins
  5 hobgoblins
  2 jackals (D:9)
  6 quokkas
  4 ball pythons
  8 bats
  3 frilled lizards
  13 kobolds
  2 quokka skeletons (D:4)
  5 rats
373 creatures vanquished.

Vanquished Creatures (collateral kills)
  2 hydras
  2 death yaks
  An unseen horror (D:11)
  An orc sorcerer (Orc:2)
  A manticore (D:12)
  2 black mambas
  3 spiny frogs (Lair:6)
  An ice devil (Lair:6)
  A spiny frog (shapeshifter) (D:11)
  A komodo dragon (Lair:1)
  2 rime drakes (Lair:6)
  A two-headed ogre (D:11)
  4 hippogriffs
  A blink frog (Lair:6)
  A wyvern (Lair:6)
  3 yaks
  A fire elemental (Orc:2)
  A hungry ghost (D:7)
  A steam dragon (D:8)
  A soldier ant (D:9)
  5 water moccasins
  2 porcupines
  3 orc warriors
  3 ice beasts
  4 ogres
  2 centaurs
  2 bullfrogs
  A scorpion (D:5)
  6 killer bees (D:10)
  A wight (D:6)
  An electric eel (Lair:2)
  A crimson imp (D:9)
  A bullfrog skeleton (D:6)
  2 centaur zombies
  2 hounds
  A jelly (D:11)
  2 orc priests
  An orc wizard (D:9)
  3 worker ants
  3 gnolls
  3 adders
  A howler monkey skeleton (D:8)
  A shadow imp (D:8)
  2 adder zombies
  A leopard gecko (D:5)
  16 orcs
  A quokka (D:8)
  A bat (D:9)
  2 plants
105 creatures vanquished.

Vanquished Creatures (others)
  5 knights
  5 ancestors
  13 fungi
  7 plants
30 creatures vanquished.

Grand Total: 508 creatures vanquished

Notes
Turn   | Place    | Note
-------+----------+-------------------------------------------
     0 | D:1      | Dolanko the Demonspawn Gladiator began the quest for the Orb.
     0 | D:1      | Reached XP level 1. HP: 16/16 MP: 1/1
   150 | D:1      | Reached skill level 3 in Long Blades
   193 | D:1      | You fall through a shaft!
   268 | D:1      | Gained mutation: A weak demonic guardian rushes to your aid. [demonic ancestry]
   268 | D:1      | Reached XP level 2. HP: 22/22 MP: 2/2
   605 | D:1      | Gained mutation: You have sharp toenails. [demonic ancestry]
   605 | D:1      | Reached XP level 3. HP: 27/27 MP: 3/3
   886 | D:2      | Reached skill level 1 in Armour
  1244 | D:2      | Gained mutation: You are partially covered in large bone plates. (SH +4) [demonic ancestry]
  1244 | D:2      | Reached XP level 4. HP: 14/34 MP: 4/4
  2068 | D:3      | Found a faded altar of an unknown god.
  2083 | D:3      | Reached skill level 4 in Long Blades
  2912 | D:4      | Reached XP level 5. HP: 24/40 MP: 5/5
  3199 | D:4      | Noticed an ogre
  3206 | D:4      | Killed an ogre
  3239 | D:4      | Reached skill level 5 in Long Blades
  3239 | D:4      | Reached XP level 6. HP: 27/47 MP: 6/6
  3742 | D:4      | Found a bloodstained altar of Trog.
  3802 | D:4      | Found a hazy altar of Hepliaklqana.
  3840 | D:5      | Entered Level 5 of the Dungeon
  3890 | D:4      | Became a worshipper of Hepliaklqana the Forgotten
  4042 | D:5      | Found an opulent altar of Gozag.
  4276 | D:5      | Noticed an ice beast
  4289 | D:5      | Killed an ice beast
  4289 | D:5      | Gained mutation: You have razor-sharp toenails. [demonic ancestry]
  4289 | D:5      | Reached XP level 7. HP: 36/47 MP: 7/7
  4767 | D:5      | Found a blossoming altar of Fedhas.
  4826 | D:6      | Reached skill level 6 in Long Blades
  4842 | D:6      | Reached * piety under Hepliaklqana
  5065 | D:6      | Found a staircase to the Ecumenical Temple.
  5163 | D:6      | Found a faded altar of an unknown god.
  5163 | D:6      | Found a faded altar of an unknown god.
  5168 | D:6      | Found a faded altar of an unknown god.
  5170 | D:6      | Found a sparkling altar of Nemelex Xobeh.
  5172 | D:6      | Found a basalt altar of Yredelemnul.
  5246 | D:6      | Reached XP level 8. HP: 36/54 MP: 8/8
  5556 | D:6      | Reached skill level 7 in Long Blades
  5568 | D:6      | Reached skill level 5 in Fighting
  6343 | D:7      | Reached skill level 8 in Long Blades
  6553 | D:7      | Reached skill level 5 in Armour
  6784 | D:7      | Reached XP level 9. HP: 60/62 MP: 9/9
  7259 | D:7      | Found a deep blue altar of Sif Muna.
  7334 | D:7      | Reached ** piety under Hepliaklqana
  7460 | D:7      | Remembered your ancestor Tlaloc as a knight
  7661 | D:7      | Found Xeag's Distillery.
  7785 | D:7      | Reached skill level 9 in Long Blades
  8163 | D:8      | Found a shadowy altar of Dithmenos.
  8632 | D:8      | Reached *** piety under Hepliaklqana
  8928 | D:9      | Found a staircase to the Lair.
  8929 | D:9      | Noticed a komodo dragon
  8952 | D:9      | Killed a komodo dragon
  8952 | D:9      | Reached XP level 10. HP: 46/71 MP: 10/10
  9046 | D:9      | Reached skill level 10 in Long Blades
  9501 | D:9      | Noticed Erolcha
 10014 | D:9      | Killed Erolcha
 10268 | Lair:1   | Entered Level 1 of the Lair of Beasts
 10283 | Lair:1   | Reached **** piety under Hepliaklqana
 10368 | Lair:1   | Noticed a spiny frog
 10374 | Lair:1   | Killed a spiny frog
 10485 | Lair:1   | Noticed a spiny frog
 10488 | Lair:1   | Killed a spiny frog
 10488 | Lair:1   | Reached skill level 11 in Long Blades
 11046 | Lair:1   | Noticed a spiny frog
 11056 | Lair:1   | Killed a spiny frog
 11322 | Lair:2   | Noticed a spiny frog
 11332 | Lair:2   | Killed a spiny frog
 11332 | Lair:2   | Reached XP level 11. HP: 42/78 MP: 6/11
 12541 | Lair:3   | Found a hole to the Spider Nest.
 12593 | Lair:3   | Found a hazy altar of Hepliaklqana.
 12795 | Lair:3   | Reached ***** piety under Hepliaklqana
 12943 | Lair:3   | Noticed a death yak
 12948 | Lair:3   | Reached skill level 12 in Long Blades
 12957 | Lair:3   | Killed a death yak
 13269 | Lair:3   | Found a staircase to the Shoals.
 13609 | Lair:4   | Noticed a death yak
 13623 | Lair:4   | Killed a death yak
 14078 | Lair:4   | Noticed a death yak
 14095 | Lair:4   | Killed a death yak
 14257 | Lair:4   | Noticed a death yak
 14257 | Lair:4   | Noticed a death yak
 14257 | Lair:4   | Noticed a death yak
 14279 | Lair:4   | Killed a death yak
 14279 | Lair:4   | Gained mutation: When hurt, damage is shared between your health and your magic reserves. [demonic ancestry]
 14279 | Lair:4   | Reached XP level 12. HP: 69/87 MP: 4/12
 14282 | Lair:4   | Killed a death yak
 14282 | Lair:4   | Reached skill level 10 in Fighting
 14293 | Lair:4   | Killed a death yak
 14293 | Lair:4   | Reached skill level 13 in Long Blades
 14600 | Lair:4   | Noticed a six-headed hydra
 14609 | Lair:4   | Killed a two-headed hydra
 14662 | Lair:5   | Noticed an eight-headed hydra
 14668 | Lair:5   | Killed a six-headed hydra
 14704 | Lair:5   | Noticed a seven-headed hydra
 14714 | Lair:5   | Killed a four-headed hydra
 15148 | Lair:5   | Noticed a four-headed hydra
 15153 | Lair:5   | Killed a one-headed hydra
 15439 | Lair:6   | Entered Level 6 of the Lair of Beasts
 15953 | Lair:6   | Reached skill level 14 in Long Blades
 16164 | Lair:6   | Reached skill level 10 in Armour
 16167 | Lair:6   | Reached skill level 1 in Invocations
 16374 | Lair:6   | Found a runed door.
 16375 | Lair:6   | Found a viscous altar of Jiyva.
 16376 | Lair:6   | Noticed an acid blob
 16377 | Lair:6   | Found a staircase to the Slime Pits.
 16714 | Lair:6   | Noticed a six-headed hydra
 16719 | Lair:6   | Killed a two-headed hydra
 16719 | Lair:6   | Reached XP level 13. HP: 71/95 MP: 9/15
 16896 | Lair:6   | Noticed a dire elephant
 16918 | Lair:6   | Killed a dire elephant
 16974 | Lair:6   | Found a burning altar of Makhleb.
 17132 | Lair:6   | Reached skill level 5 in Invocations
 17409 | Lair:6   | Found a gateway to Hell.
 17951 | D:10     | Entered Level 10 of the Dungeon
 18206 | D:10     | Found a burning altar of Makhleb.
 19565 | D:11     | Noticed Psyche
 19572 | D:11     | Killed Psyche
 19666 | D:11     | Identified a scroll of acquirement
 20040 | D:12     | Found a corrupted altar of Lugonu.
 20041 | D:12     | Found a staircase to the Orcish Mines.
 20234 | D:12     | Gained mutation: Your mind is acute. (Int +2) [potion of mutation]
 20234 | D:12     | Gained mutation: You have a pair of small antennae on your head. [potion of mutation]
 20234 | D:12     | Gained mutation: You possess an exceptional clarity of mind. [potion of mutation]
 20236 | Orc:1    | Entered Level 1 of the Orcish Mines
 20678 | Orc:2    | Entered Level 2 of the Orcish Mines
 20678 | Orc:2    | Found Vemutup's Gadget Boutique.
 20682 | Orc:2    | Noticed an orc warlord
 21006 | Orc:1    | Killed an orc warlord
 21222 | Orc:2    | Reached XP level 14. HP: 103/103 MP: 19/19
 21229 | Orc:2    | Paralysed by an orc sorcerer for 6 turns
 21474 | Orc:2    | Bought a wand of heal wounds (2/9) for 468 gold pieces
 21503 | Orc:2    | Found a staircase to the Elven Halls.
 21669 | Orc:2    | Found a roughly hewn altar of Beogh.
 21742 | Orc:2    | Noticed Azrael
 21749 | Orc:2    | Killed Azrael
 22005 | Orc:2    | Found Highoymp's Distillery.
 22011 | Orc:2    | Noticed Donald
 22311 | Orc:2    | Mangled by Donald

Skill      XL: |  1  2  3  4  5  6  7  8  9 10 11 12 13 |
---------------+----------------------------------------+-----
Long Blades    | 3 4 5 6 8 9 11 12 14 | 14.5
Armour         | 1 2 3 4 5 6 7 9 10 12 | 12.4
Fighting       | 3 4 5 7 8 9 11 12 | 12.3
Invocations    | 3 6 |  6.7
Throwing       | |  1.7
Dodging        | |  2.6

Action                   |  1- 3 |  4- 6 |  7- 9 | 10-12 | 13-15 || total
-------------------------+-------+-------+-------+-------+-------++-------
Melee: Long sword        |   124 |   189 |   342 |    43 |       ||   698
       Kick              |    16 |    32 |       |       |       ||    48
       Scimitar          |       |       |       |   540 |   281 ||   821
       Triple sword      |       |       |       |       |   167 ||   167
Throw: Throwing net      |       |     1 |       |     2 |       ||     3
       Tomahawk          |       |       |     9 |     1 |       ||    10
Invok: Recall Ancestor   |       |     1 |       |     1 |       ||     2
       Ancestor Life: Kn |       |       |     1 |       |       ||     1
       Idealise          |       |       |       |     3 |     1 ||     4
Evoke: Wand              |       |       |       |     6 |     5 ||    11
  Use: Scroll            |       |       |    21 |    17 |     4 ||    42
       Potion            |       |       |     4 |     5 |     8 ||    17
 Stab: Distracted        |       |       |     2 |     7 |     5 ||    14
       Held in net/web   |       |       |       |     2 |       ||     2
       Invisible         |       |       |       |       |     3 ||     3
  Eat: Chunk             |     1 |     6 |     8 |    15 |    19 ||    49
       Bread ration      |       |     1 |     2 |     2 |       ||     5
Armor: Leather armour    |     4 |       |       |       |       ||     4
       Ring mail         |    46 |    62 |    14 |       |       ||   122
       Plate armour      |       |       |   134 |   228 |   263 ||   625
       Steam dragon scal |       |       |    13 |    30 |       ||    43
Dodge: Dodged            |    89 |   133 |   124 |   187 |   191 ||   724
Block: Other             |       |    47 |    46 |   125 |   224 ||   442
       Reflection        |       |       |       |       |     9 ||     9
       Rpst.: Long sword |    20 |    41 |    25 |     8 |       ||    94
       Scimitar          |       |       |       |    35 |    26 ||    61
       Triple sword      |       |       |       |       |    22 ||    22
